BLB
SEATTLE PILOTS @ CAROLINA TOBS
05/08/2060
 
TOP OF THE 1ST
Seattle Pilots batting - Pitching for Carolina Tobs : RHP Joe Hodo
Pitching: RHP Joe Hodo
Batting: RHB Douglas Morrison 0-0: Called Strike
0-1: Called Strike
0-2: Ball
1-2: SINGLE (Groundball, 4M, EV 103.1 MPH) (infield hit)
Batting: LHB Ryan Carr 0-0: Ball
1-0: Ball
2-0: Ball
3-0: Called Strike
3-1: Base on Balls
Douglas Morrison to second
Batting: LHB Cade McCormick 0-0: Called Strike
0-1: Foul Ball, location: 2F
0-2: Ball
1-2: Ball
2-2: Foul Ball, location: 2F
2-2: Strikes out swinging
Batting: RHB Jerry Coleman 0-0: Ball
1-0: Swinging Strike
1-1: Called Strike
1-2: Foul Ball, location: 2F
1-2: Ball
2-2: Foul Ball, location: 2F
2-2: Ball
3-2: Strikes out swinging
Batting: RHB Jesse Baker 0-0: Ball
1-0: Called Strike
1-1: Ball
2-1: Foul Ball, location: 2F
2-2: SINGLE (Line Drive, 34, EV 94.4 MPH)
Douglas Morrison to third
Ryan Carr to second
Runner from 3rd tries for Home, SAFE, throw by RF to home
Batting: LHB Joseph Brandon 0-0: Ball
1-0: Fielders Choice at 2nd, 6-4 (Groundball, 56, EV 86.2 MPH)
Top of the 1st over - 1 run, 2 hits, 0 errors, 2 left on base; Seattle 1 - Carolina 0
BOTTOM OF THE 1ST
Carolina Tobs batting - Pitching for Seattle Pilots : LHP Joel Greer
Pitching: LHP Joel Greer
Batting: LHB Spencer DeSimone 0-0: Called Strike
0-1: Ball
1-1: Ball
2-1: Fly out, F7 (Flyball, 7LS, EV 89.4 MPH)
Batting: LHB Evan Turner 0-0: Foul Ball, location: 2F
0-1: Ball
1-1: Called Strike
1-2: Foul Ball, location: 2F
1-2: Foul Ball, location: 2F
1-2: Ball
2-2: Strikes out swinging
Batting: LHB Trent West 0-0: Ball
1-0: SINGLE (Flyball, 3D, EV 92.5 MPH)
Batting: RHB Marcus Fahr 0-0: Called Strike
0-1: Foul Ball, location: 2F
0-2: Strikes out looking
Bottom of the 1st over - 0 runs, 1 hit, 0 errors, 1 left on base; Seattle 1 - Carolina 0
TOP OF THE 2ND
Seattle Pilots batting - Pitching for Carolina Tobs : RHP Joe Hodo
Batting: RHB Kynan Shaw 0-0: Ball
1-0: Ball
2-0: Called Strike
2-1: Called Strike
2-2: Fly out, F3 (Line Drive, 3L, EV 61.2 MPH)
Batting: LHB Damien Sidamon 0-0: Ball
1-0: Called Strike
1-1: Called Strike
1-2: Ball
2-2: Strikes out swinging
Batting: RHB Rice Mesyan 0-0: Ball
1-0: Ground out 6-3 (Groundball, 4M, EV 83.1 MPH)
Top of the 2nd over - 0 runs, 0 hits, 0 errors, 0 left on base; Seattle 1 - Carolina 0
BOTTOM OF THE 2ND
Carolina Tobs batting - Pitching for Seattle Pilots : LHP Joel Greer
Batting: RHB Rykeem Potts 0-0: Foul Ball, location: 2F
0-1: Foul Ball, location: 2F
0-2: Ball
1-2: SINGLE (Flyball, 34D, EV 96.2 MPH)
Batting: SHB Quinton Brown 0-0: Ball
1-0: Ball
2-0: Foul Ball, location: 2F
2-1: Ball
3-1: Base on Balls
Rykeem Potts to second
Batting: LHB Scott Davila 0-0: Ball
1-0: Ball
2-0: Called Strike
2-1: Fielders Choice at 3rd, U5 (Groundball, 5L, EV 105.6 MPH)
Quinton Brown to second
Batting: RHB Casey Suggs 0-0: Ball
1-0: Called Strike
1-1: Ball
2-1: Called Strike
2-2: Fly out, F7 (Flyball, 7D, EV 100.0 MPH)
Batting: SHB Shaunte Panteleo 0-0: Ball
1-0: Called Strike
1-1: Foul Ball, location: 2F
1-2: Strikes out swinging
Bottom of the 2nd over - 0 runs, 1 hit, 0 errors, 2 left on base; Seattle 1 - Carolina 0
TOP OF THE 3RD
Seattle Pilots batting - Pitching for Carolina Tobs : RHP Joe Hodo
Batting: RHB Douglas Morrison 0-0: Ball
1-0: Swinging Strike
1-1: Called Strike
1-2: Strikes out swinging
Batting: LHB Ryan Carr 0-0: Called Strike
0-1: Ball
1-1: Ground out 3-1 (Groundball, 34, EV 84.4 MPH)
Batting: LHB Cade McCormick 0-0: Foul Ball, location: 2F
0-1: Foul Ball, location: 2F
0-2: Strikes out looking
Top of the 3rd over - 0 runs, 0 hits, 0 errors, 0 left on base; Seattle 1 - Carolina 0
BOTTOM OF THE 3RD
Carolina Tobs batting - Pitching for Seattle Pilots : LHP Joel Greer
Batting: LHB Spencer DeSimone 0-0: Ball
1-0: Ball
2-0: Ball
3-0: Base on Balls
Batting: LHB Evan Turner 0-0: Ball
1-0: Called Strike
1-1: Grounds into double play, 4-6-3 (Groundball, 4, EV 81.2 MPH)
Batting: LHB Trent West 0-0: Ground out 6-3 (Groundball, 6, EV 79.4 MPH)
Bottom of the 3rd over - 0 runs, 0 hits, 0 errors, 0 left on base; Seattle 1 - Carolina 0
TOP OF THE 4TH
Seattle Pilots batting - Pitching for Carolina Tobs : RHP Joe Hodo
Batting: RHB Jerry Coleman 0-0: Ball
1-0: Foul Ball, location: 2F
1-1: Fly out, F7 (Line Drive, 7D, EV 92.5 MPH)
Batting: RHB Jesse Baker 0-0: Fly out, F7 (Flyball, 7LS, EV 91.2 MPH)
Batting: LHB Joseph Brandon 0-0: Called Strike
0-1: Called Strike
0-2: Strikes out swinging
Top of the 4th over - 0 runs, 0 hits, 0 errors, 0 left on base; Seattle 1 - Carolina 0
BOTTOM OF THE 4TH
Carolina Tobs batting - Pitching for Seattle Pilots : LHP Joel Greer
Batting: RHB Marcus Fahr 0-0: Swinging Strike
0-1: Called Strike
0-2: Ground out 4-3 (Groundball, 4, EV 85.0 MPH)
Batting: RHB Rykeem Potts 0-0: Ball
1-0: Swinging Strike
1-1: Called Strike
1-2: Ball
2-2: Strikes out swinging
Batting: SHB Quinton Brown 0-0: Foul Ball, location: 2F
0-1: DOUBLE (Line Drive, 78D, EV 110.0 MPH)
Batting: LHB Scott Davila 0-0: Ball
1-0: Foul Ball, location: 2F
1-1: Ball
2-1: Called Strike
2-2: Ball
3-2: SINGLE (Line Drive, 7LS, EV 93.1 MPH)
Quinton Brown to third
Runner from 3rd tries for Home, SAFE, throw by LF to home
Batting: RHB Casey Suggs 0-0: Called Strike
0-1: Ball
1-1: Swinging Strike
1-2: Strikes out looking
Bottom of the 4th over - 1 run, 2 hits, 0 errors, 1 left on base; Seattle 1 - Carolina 1
TOP OF THE 5TH
Seattle Pilots batting - Pitching for Carolina Tobs : RHP Joe Hodo
Batting: RHB Kynan Shaw 0-0: Ball
1-0: Foul Ball, location: 2F
1-1: Swinging Strike
1-2: Ball
2-2: Foul Ball, location: 2F
2-2: Foul Ball, location: 2F
2-2: Ball
3-2: Strikes out swinging
Batting: LHB Damien Sidamon 0-0: Foul Ball, location: 2F
0-1: Swinging Strike
0-2: Ball
1-2: Ball
2-2: Strikes out swinging
Batting: RHB Rice Mesyan 0-0: Ball
1-0: SINGLE (Line Drive, 78M, EV 101.2 MPH)
Batting: RHB Douglas Morrison 0-0: Called Strike
Rice Mesyan steals 2nd base
0-1: Foul Ball, location: 2F
0-2: Foul Ball, location: 2F
0-2: Ball
1-2: Ball
2-2: Strikes out swinging
Top of the 5th over - 0 runs, 1 hit, 0 errors, 1 left on base; Seattle 1 - Carolina 1
BOTTOM OF THE 5TH
Carolina Tobs batting - Pitching for Seattle Pilots : LHP Joel Greer
Batting: SHB Shaunte Panteleo 0-0: Swinging Strike
0-1: DOUBLE (Line Drive, 89D, EV 107.5 MPH)
Batting: LHB Spencer DeSimone 0-0: Foul Ball, location: 2F
0-1: Foul Ball, location: 2F
0-2: Ball
1-2: Ball
2-2: Strikes out looking
Batting: LHB Evan Turner 0-0: Called Strike
0-1: Swinging Strike
0-2: Strikes out swinging
Batting: LHB Trent West 0-0: Swinging Strike
0-1: Ground out 4-3 (Groundball, 4, EV 86.9 MPH)
Bottom of the 5th over - 0 runs, 1 hit, 0 errors, 1 left on base; Seattle 1 - Carolina 1
TOP OF THE 6TH
Seattle Pilots batting - Pitching for Carolina Tobs : RHP Joe Hodo
Batting: LHB Ryan Carr 0-0: Ball
1-0: Foul Ball, location: 2F
1-1: Foul Ball, location: 2F
1-2: Strikes out swinging
Batting: LHB Cade McCormick 0-0: Foul Ball, location: 2F
0-1: SOLO HOME RUN (Flyball, 9D, EV 96.9 MPH), Distance : 381 ft
Batting: RHB Jerry Coleman 0-0: Fly out, F9 (Flyball, 89M, EV 91.2 MPH)
Batting: RHB Jesse Baker 0-0: Ground out 3-1 (Groundball, 34S, EV 83.1 MPH)
Top of the 6th over - 1 run, 1 hit, 0 errors, 0 left on base; Seattle 2 - Carolina 1
BOTTOM OF THE 6TH
Carolina Tobs batting - Pitching for Seattle Pilots : LHP Joel Greer
Batting: RHB Marcus Fahr 0-0: SINGLE (Line Drive, 9S, EV 106.9 MPH)
Batting: RHB Rykeem Potts 0-0: Ball
1-0: Called Strike
1-1: Ball
2-1: Ball
3-1: Base on Balls
Marcus Fahr to second
Batting: SHB Quinton Brown 0-0: Ball
1-0: Ball
2-0: Ball
3-0: Called Strike
3-1: Foul Ball, location: 2F
3-2: Base on Balls
Marcus Fahr to third
Rykeem Potts to second
Batting: LHB Scott Davila 0-0: Foul Ball, location: 2F
0-1: Ball
1-1: Ball
2-1: Fly out, F6 (Popup, 6S, EV 68.1 MPH)
Batting: RHB Casey Suggs 0-0: Called Strike
0-1: Ball
1-1: Called Strike
1-2: Strikes out swinging
Pitching: RHP Xavier Cook
Batting: SHB Shaunte Panteleo 0-0: Swinging Strike
0-1: SINGLE (Groundball, 56D, EV 109.4 MPH)
Marcus Fahr scores
Rykeem Potts to third
Quinton Brown to second
Runner from 3rd tries for Home, SAFE, throw by LF to home
Batting: LHB Spencer DeSimone 0-0: Ball
1-0: Foul Ball, location: 2F
1-1: Ball
2-1: Ball
3-1: Called Strike
3-2: Strikes out swinging
Bottom of the 6th over - 2 runs, 2 hits, 0 errors, 2 left on base; Seattle 2 - Carolina 3
TOP OF THE 7TH
Seattle Pilots batting - Pitching for Carolina Tobs : RHP Joe Hodo
Batting: LHB Joseph Brandon 0-0: Called Strike
0-1: Ball
1-1: Foul Ball, location: 2F
1-2: Foul Ball, location: 2F
1-2: Ball
2-2: Foul Ball, location: 2F
2-2: Ball
3-2: Foul Ball, location: 2F
3-2: SINGLE (Flyball, 3D, EV 90.6 MPH)
Batting: RHB Kynan Shaw 0-0: Bunted foul
0-1: Ball
1-1: Bunt - Flyout to 2R! F2
Batting: LHB Damien Sidamon 0-0: SINGLE (Groundball, 6D, EV 108.1 MPH)
Joseph Brandon to second
Batting: RHB Rice Mesyan 0-0: Swinging Strike
0-1: Foul Ball, location: 2F
0-2: Foul Ball, location: 2F
0-2: DOUBLE (Line Drive, 5D, EV 95.6 MPH)
Joseph Brandon scores
Damien Sidamon to third
Batting: RHB Douglas Morrison 0-0: Fly out, F8 (Flyball, 8RM, EV 91.2 MPH)
Runner from 3rd tags up, SCORES, throw by CF
Pitching: LHP Miles Licon
Batting: LHB Ryan Carr 0-0: Called Strike
0-1: Ball
1-1: Ball
2-1: Foul Ball, location: 2F
2-2: SINGLE (Groundball, 4D, EV 110.6 MPH)
Rice Mesyan to third
Batting: LHB Cade McCormick Pickoff Throw to First - Error! E1
Rice Mesyan scores
Ryan Carr to second
0-0: Ball
1-0: SINGLE (Line Drive, 4D, EV 100.0 MPH)
Ryan Carr to third
Batting: RHB Jerry Coleman 0-0: Foul Ball, location: 2F
0-1: Ball
1-1: Ball
2-1: Fly out, F5 (Line Drive, 5L, EV 62.5 MPH)
Top of the 7th over - 3 runs, 5 hits, 1 error, 2 left on base; Seattle 5 - Carolina 3
BOTTOM OF THE 7TH
Carolina Tobs batting - Pitching for Seattle Pilots : RHP Xavier Cook
Batting: LHB Evan Turner 0-0: Ball
1-0: Foul Ball, location: 2F
1-1: Foul Ball, location: 2F
1-2: Strikes out swinging
Batting: LHB Trent West 0-0: Swinging Strike
0-1: Ball
1-1: Ball
2-1: Ball
3-1: DOUBLE (Line Drive, 7LS, EV 106.2 MPH)
Batting: RHB Marcus Fahr 0-0: Ball
1-0: Ball
2-0: Called Strike
2-1: Ball
3-1: Base on Balls
Batting: RHB Rykeem Potts 0-0: Called Strike
0-1: Swinging Strike
0-2: Foul Ball, location: 2F
0-2: Foul Ball, location: 2F
0-2: Foul Ball, location: 2F
0-2: Ball
1-2: Foul Ball, location: 2F
1-2: Ball
2-2: Ball
3-2: DOUBLE (Flyball, 8LXD, EV 95.0 MPH)
Trent West scores
Marcus Fahr to third
Pitching: LHP Rodell Jiu
Batting: SHB Quinton Brown 0-0: Ball
1-0: Ball
2-0: Hit by Pitch
Batting: LHB Scott Davila 0-0: Swinging Strike
0-1: SINGLE (Line Drive, 4M, EV 96.2 MPH)
Marcus Fahr scores
Rykeem Potts to third
Quinton Brown to second
Batting: RHB Casey Suggs 0-0: Ball
1-0: Ball
2-0: Ball
3-0: Base on Balls
Rykeem Potts scores
Quinton Brown to third
Scott Davila to second
Batting: SHB Shaunte Panteleo 0-0: Foul Ball, location: 2F
0-1: SINGLE (Groundball, 56, EV 105.0 MPH)
Quinton Brown scores
Scott Davila to third
Casey Suggs to second
Runner from 3rd tries for Home, SAFE, throw by LF to home
Batting: LHB Spencer DeSimone 0-0: Called Strike
0-1: Swinging Strike
0-2: Strikes out swinging
Batting: LHB Evan Turner 0-0: Called Strike
0-1: Called Strike
0-2: Strikes out looking
Bottom of the 7th over - 5 runs, 4 hits, 0 errors, 2 left on base; Seattle 5 - Carolina 8
TOP OF THE 8TH
Seattle Pilots batting - Pitching for Carolina Tobs : LHP Miles Licon
Batting: RHB Jesse Baker 0-0: Foul Ball, location: 2F
0-1: Ball
1-1: Foul Ball, location: 2F
1-2: Foul Ball, location: 2F
1-2: Strikes out swinging
Pinch Hitting: RHB Nickolas Kennedy 0-0: Ball
1-0: Called Strike
1-1: Ball
2-1: Foul Ball, location: 2F
2-2: Ball
3-2: Foul Ball, location: 2F
3-2: Strikes out looking
Batting: RHB Kynan Shaw 0-0: Ball
1-0: DOUBLE (Line Drive, 9LM, EV 103.1 MPH)
Batting: LHB Damien Sidamon 0-0: Ground out 1-3 (Groundball, 34S, EV 68.1 MPH)
Top of the 8th over - 0 runs, 1 hit, 0 errors, 1 left on base; Seattle 5 - Carolina 8
BOTTOM OF THE 8TH
Carolina Tobs batting - Pitching for Seattle Pilots : LHP Rodell Jiu
Now in LF: Dave Regan
Batting: LHB Trent West 0-0: Ball
1-0: Foul Ball, location: 2F
1-1: Foul Ball, location: 2F
1-2: Ground out 6-3 (Groundball, 6, EV 88.1 MPH)
Batting: RHB Marcus Fahr 0-0: Ball
1-0: Called Strike
1-1: Ball
2-1: Ball
3-1: Base on Balls
Pitching: RHP Kris Hansen
Batting: RHB Rykeem Potts 0-0: Ball
1-0: Foul Ball, location: 2F
1-1: Called Strike
1-2: Grounds into double play, 6-4-3 (Groundball, 6M, EV 86.9 MPH)
Bottom of the 8th over - 0 runs, 0 hits, 0 errors, 0 left on base; Seattle 5 - Carolina 8
TOP OF THE 9TH
Seattle Pilots batting - Pitching for Carolina Tobs : LHP Miles Licon
Pitching: RHP Daquein Kim
Batting: RHB Rice Mesyan 0-0: Fly out, F9 (Line Drive, 89M, EV 93.8 MPH)
Batting: RHB Douglas Morrison 0-0: Ball
1-0: Called Strike
1-1: Ball
2-1: Foul Ball, location: 2F
2-2: DOUBLE (Line Drive, 78D, EV 110.6 MPH)
Batting: LHB Ryan Carr 0-0: Foul Ball, location: 2F
0-1: Swinging Strike
0-2: Ball
1-2: Strikes out looking
Batting: LHB Cade McCormick 0-0: Ball
1-0: Called Strike
1-1: Foul Ball, location: 2F
1-2: Ball
Wild Pitch!
Douglas Morrison to third
2-2: Ball
Wild Pitch!
Douglas Morrison scores
3-2: Foul Ball, location: 2F
3-2: Hit by Pitch
Batting: RHB Jerry Coleman 0-0: Ground out 4-3 (Groundball, 34, EV 107.5 MPH)
Top of the 9th over - 1 run, 1 hit, 0 errors, 1 left on base; Seattle 6 - Carolina 8
Saturday, April 27th , 2024 - OOTP Baseball 23.10 Build 110